 Dungeon Sprint DCSS version 0.21.2 (webtiles) character file.

2222 Fang the Cleaver (level 9, 0/65 HPs)
             Began as a Gargoyle Berserker on Sept 26, 2018.
             Was a High Priest of Trog.
             Slain by a seven-headed hydra (5 damage)
             ... in the Dungeon (Sprint IX: "|||||||||||||||||||||||||||||").
             The game lasted 00:02:21 (869 turns).

Fang the Cleaver (Gargoyle Berserker)                Turns: 869, Time: 00:02:22

Health: 0/65       AC: 10    Str: 25    XL:     9   Next: 35%
Magic:  3/3        EV: 15    Int:  7    God:    Trog [*****.]
Gold:   12         SH:  0    Dex: 12    Spells: 8/8 levels left

rFire    . . .     SeeInvis .   p - +6 broad axe (antimagic)
rCold    . . .     Gourm    .   (no shield)
rNeg     + . .     Faith    .   b - +0 animal skin
rPois    ∞         Spirit   .   (no helmet)
rElec    +         Reflect  .   (no cloak)
rCorr    .         Harm     .   (no gloves)
MR       .....     NoTele   +   (no boots)
Stlth    ++........             (no amulet)
HPRegen  0.20/turn              n - +3 ring of dexterity
MPRegen  0.08/turn              o - +2 ring of protection

@: berserk cooldown, starving, slowed, very slow
A: negative energy resistance 1, electricity resistance, unbreathing,
petrification resistance, rot immunity, AC +6
a: Berserk, Trog's Hand, Brothers in Arms, Burn Spellbooks, Renounce Religion


You were in the Dungeon.
You worshipped Trog.
Trog was extremely pleased with you.
You were starving.

You visited 1 branch You collected 12 gold pieces.

Inventory:

Hand Weapons
 a - a +0 hand axe
 m - a +1 broad axe of chopping
 p - a +6 antimagic broad axe (weapon)
Armour
 b - a +0 animal skin (worn)
Jewellery
 n - a +3 ring of dexterity (left hand)
 o - a +2 ring of protection (right hand)
Wands
 l - a wand of acid (10)
Scrolls
 i - 3 scrolls of blinking
 k - 5 scrolls of remove curse
 s - 4 scrolls of enchant armour
Potions
 d - 5 potions of curing
 e - 8 potions of heal wounds
 f - a potion of haste
 g - 4 potions of magic
 h - a potion of berserk rage
 j - a potion of invisibility
 q - a potion of might
 r - a potion of agility
Comestibles
 c - a ration


   Skills:
 + Level 12.2 Fighting
 + Level 13.6 Axes
 + Level 5.6 Armour
 + Level 6.9 Dodging
 + Level 1.3 Stealth


You had 8 spell levels left.
You didn't know any spells.

Dungeon Overview and Level Annotations

Branches:
Dungeon (1/1)

Altars:
Cheibriados
Dithmenos
Elyvilon
Fedhas
Gozag
Hepliaklqana
Kikubaaqudgha
Makhleb
Nemelex Xobeh
Okawaru
Qazlal
Ru
Sif Muna
Trog
Uskayaw
Vehumet
Wu Jian
Xom
Yredelemnul
Zin
The Shining One
Beogh
Jiyva
Lugonu


Innate Abilities, Weirdness & Mutations

You are resistant to torment.
Your stone body is resilient. (AC +6)
You are immune to poison.
You resist negative energy. (rN+)
You are resistant to electric shocks. (rElec)
You can survive without breathing.
You are immune to petrification.
You are immune to rotting.


Message History

The seven-headed hydra barely misses your ogre.
The seven-headed hydra bites your ogre!
The seven-headed hydra bites your ogre. x2
The seven-headed hydra bites your ogre! The seven-headed hydra bites your ogre.
Your ogre hits the seven-headed hydra with a giant club!!
The seven-headed hydra bites your ogre.
Your ogre dies!
Your ogre's corpse disappears in a puff of smoke!
There is an open door to the Lair, spattered with blood here.
Items here: ) ††† a glowing great mace {god gift}; a water moccasin corpse; a hippogriff corpse x2
Your troll goes berserk!
You are starving!
The seven-headed hydra closely misses you.
The seven-headed hydra bites you. The seven-headed hydra bites you!
* * * LOW HITPOINT WARNING * * *
The seven-headed hydra barely misses you.
The seven-headed hydra bites you!
* * * LOW HITPOINT WARNING * * *
The seven-headed hydra bites you.
You die...

▓▓▓▓▓▓▓▓▓▓▓▓▓▓▓▓▓▓▓▓▓▓▓▓▓▓
...'......|(...T@DSlF.....
▓▓▓▓▓▓▓▓▓▓▓▓▓▓▓▓▓▓▓▓▓▓▓▓▓▓▓▓▓▓▓▓▓
.................................
▓▓▓▓▓▓▓▓▓▓▓▓▓▓▓▓▓▓▓▓▓▓▓▓▓▓▓▓▓▓▓▓▓
')....[.....'____________________
▓▓▓▓▓▓▓▓▓▓▓▓▓▓▓▓▓▓▓▓▓▓▓▓▓▓▓▓▓▓▓▓▓


You could see a seven-headed hydra, a water moccasin, a wyvern, a bullfrog and a
friendly troll (berserk).

Vanquished Creatures
  A deep elf mage (D)
  A komodo dragon (D)
  A troll (D)
  3 hippogriffs (D)
  A yak (D)
  2 water moccasins (D)
  A centaur (D)
  3 bullfrogs (D)
  A wight (D)
  A howler monkey (D)
  A crimson imp (D)
  2 worker ants (D)
  A shadow imp (D)
  An orc (D)
  A goblin (D)
  A hobgoblin (D)
  A bat (D)
  A giant cockroach zombie (D)
  A quokka skeleton (D)
  2 rats (D)
27 creatures vanquished.

Notes
Turn   | Place    | Note
-------+----------+-------------------------------------------
     0 | D        | Fang the Gargoyle Berserker began the quest for the Orb.
     0 | D        | Reached XP level 1. HP: 14/14 MP: 1/1
     8 | D        | Reached skill level 3 in Axes
    10 | D        | Reached ** piety under Trog
    86 | D        | Noticed a crimson imp
    86 | D        | Noticed a howler monkey
   100 | D        | Killed a howler monkey
   100 | D        | Reached skill level 5 in Fighting
   100 | D        | Reached skill level 4 in Axes
   100 | D        | Reached XP level 2. HP: 19/21 MP: 2/2
   100 | D        | Reached XP level 3. HP: 24/26 MP: 3/3
   102 | D        | Reached *** piety under Trog
   102 | D        | Reached skill level 5 in Axes
   102 | D        | Reached XP level 4. HP: 30/32 MP: 4/4
   270 | D        | Found a roughly hewn altar of Beogh.
   270 | D        | Found a snail-covered altar of Cheibriados.
   270 | D        | Found a shadowy altar of Dithmenos.
   270 | D        | Found a white marble altar of Elyvilon.
   270 | D        | Found a blossoming altar of Fedhas.
   270 | D        | Found an opulent altar of Gozag.
   271 | D        | Found a hazy altar of Hepliaklqana.
   272 | D        | Found a viscous altar of Jiyva.
   273 | D        | Found an ancient bone altar of Kikubaaqudgha.
   274 | D        | Found a corrupted altar of Lugonu.
   275 | D        | Found a burning altar of Makhleb.
   276 | D        | Found a sparkling altar of Nemelex Xobeh.
   277 | D        | Found an iron altar of Okawaru.
   278 | D        | Found a stormy altar of Qazlal.
   279 | D        | Found a sacrificial altar of Ru.
   280 | D        | Found a deep blue altar of Sif Muna.
   281 | D        | Found a bloodstained altar of Trog.
   282 | D        | Found a hide-covered altar of Uskayaw.
   283 | D        | Found a radiant altar of Vehumet.
   284 | D        | Found an ornate altar of the Wu Jian Council.
   285 | D        | Found a shimmering altar of Xom.
   286 | D        | Found a basalt altar of Yredelemnul.
   287 | D        | Found a glowing silver altar of Zin.
   288 | D        | Found a glowing golden altar of the Shining One.
   320 | D        | Noticed a hippogriff
   320 | D        | Noticed a bullfrog
   320 | D        | Noticed a troll
   320 | D        | Noticed a yak
   327 | D        | Killed a hippogriff
   327 | D        | Reached **** piety under Trog
   327 | D        | Reached skill level 8 in Axes
   327 | D        | Reached XP level 5. HP: 30/40 MP: 5/5
   327 | D        | Reached XP level 6. HP: 33/45 MP: 6/6
   328 | D        | Reached skill level 9 in Axes
   331 | D        | Killed a troll
   331 | D        | Reached skill level 10 in Axes
   331 | D        | Reached skill level 5 in Dodging
   331 | D        | Reached XP level 7. HP: 21/52 MP: 7/7
   332 | D        | Reached skill level 10 in Fighting
   335 | D        | Killed a yak
   335 | D        | Reached skill level 5 in Armour
   340 | D        | Reached ***** piety under Trog
   585 | D        | Noticed a deep elf mage
   591 | D        | Reached skill level 11 in Axes
   594 | D        | Reached XP level 8. HP: 59/59 MP: 8/8
   599 | D        | Received a gift from Trog
   604 | D        | Killed a deep elf mage
   604 | D        | Reached skill level 12 in Axes
   842 | D        | Noticed a hippogriff
   842 | D        | Noticed a hippogriff
   842 | D        | Noticed a komodo dragon
   846 | D        | Killed a hippogriff
   847 | D        | Noticed a wyvern
   852 | D        | Killed a hippogriff
   852 | D        | Reached XP level 9. HP: 65/65 MP: 3/9
   853 | D        | Reached skill level 13 in Axes
   854 | D        | Noticed a seven-headed hydra
   856 | D        | Killed a komodo dragon
   856 | D        | Received a gift from Trog
   856 | D        | Reached skill level 1 in Stealth
   869 | D        | Slain by a seven-headed hydra

Skill      XL: |  1  2  3  4  5  6  7  8  9 |
---------------+----------------------------+-----
Axes           | 4 5 8 10 11 12 13 | 13.6
Fighting       | 5 6 8 9 10 11 12 | 12.2
Armour         | 3 4 5 |  5.6
Dodging        | 2 4 5 6 |  6.9
Stealth        | 1 |  1.3

Action                   |  1- 3 |  4- 6 |  7- 9 || total
-------------------------+-------+-------+-------++-------
Melee: Hand axe          |    25 |     8 |       ||    33
       Broad axe         |       |     8 |    50 ||    58
Invok: Berserk           |     1 |     1 |     2 ||     4
       Brothers in Arms  |       |       |     2 ||     2
  Use: Potion            |       |     1 |       ||     1
  Eat: Chunk             |       |       |     2 ||     2
Armor: Animal skin       |     9 |     5 |    14 ||    28
Dodge: Dodged            |     9 |    12 |    34 ||    55
